 Dungeon Crawl Stone Soup version 0.30-a0-4-ga7cffc901d (webtiles) character file.

Game seed: 14579226281890133497

298 greenreed the Chiller (level 6, -2/42 HPs)
             Began as a Merfolk Ice Elementalist on Aug 21, 2022.
             Slain by Menkaure (4 damage)
             ... on level 4 of the Dungeon.
             The game lasted 00:07:30 (3530 turns).

greenreed the Chiller (Merfolk Ice Elementalist)    Turns: 3530, Time: 00:07:31

Health: -2/42      AC:  3    Str:  8    XL:     6   Next: 35%
Magic:  12/12      EV: 17    Int: 17    God:
Gold:   162        SH:  0    Dex: 14    Spells: 9/13 levels left

rFire   . . .      SeeInvis .    v - +0 trident
rCold   + . .      Faith    .    (no shield)
rNeg    . . .      Spirit   .    a - +0 robe
rPois   .          Reflect  .    (no helmet)
rElec   .          Harm     .    o - +0 cloak
rCorr   .          Rampage  .    (no gloves)
Will    .....                    (no boots)
Stlth   ++........               (no amulet)
HPRegen 0.14/turn                h - +4 ring of evasion
MPRegen 0.13/turn                s - ring of protection from cold

@: no status effects
A: (nimble swimmer 2), mertail
a: no special abilities


You were on level 4 of the Dungeon.
You visited 1 branch of the dungeon, and saw 4 of its levels.

You collected 162 gold pieces.

Inventory:

Hand Weapons
 v - a +0 trident (weapon)
Armour
 a - a +0 robe (worn)
 j - the +2 ring mail of Mylloibrog {rElec rF+ Int-2}
   (You found it on level 2 of the Dungeon)

   Int:       It affects your intelligence (-2).
   rF:        It protects you from fire.
   rElec:     It insulates you from electricity.
 o - a +0 cloak (worn)
Jewellery
 h - a +4 ring of evasion (left hand)
 s - a ring of protection from cold (right hand)
 u - a ring of positive energy
Scrolls
 d - a scroll of magic mapping {unknown}
 e - 3 scrolls of immolation {unknown}
 i - a scroll of butterflies {unknown}
 l - 2 scrolls of fear {unknown}
 q - 6 scrolls of identify {unknown}
 r - a scroll of vulnerability {unknown}
 t - a scroll of enchant armour {unknown}
Potions
 b - a potion of magic
 c - a potion of curing {unknown}
 f - a potion of invisibility {unknown}
 g - a potion of ambrosia {unknown}
 k - 2 potions of mutation {unknown}
 m - 3 potions of flight {unknown}
 n - a potion of heal wounds {unknown}
 p - a potion of resistance {unknown}


   Skills:
 + Level 0.3 Fighting
 + Level 3.9 Dodging
 + Level 2.6 Stealth
 + Level 4.2 Spellcasting
 + Level 6.1 Ice Magic


You had 9 spell levels left.
You knew the following spells:

 Your Spells              Type           Power      Damage    Failure   Level
a - Freeze                Ice            96%        1d11      1%          1
b - Frozen Ramparts       Ice            48%        1d8       3%          3

Your spell library contained the following spells:

 Spells                   Type           Power      Damage    Failure   Level
 Ozocubu's Armour         Ice            24%        N/A       3%          3
 Apportation              Tloc           6%         N/A       16%         1
 Magic Dart               Conj           12%        1d3       16%         1
 Searing Ray              Conj           6%         2d4       24%         2
 Hailstorm                Conj/Ice       13%        3d5       41%         4
 Fulminant Prism          Conj/Hex       1%         3d6       83%         4


Dungeon Overview and Level Annotations

Branches:
Dungeon (4/15)
 Temple: D:4-7

Altars:
Okawaru

Annotations:
D:3 Grinder
D:4 Menkaure


Innate Abilities, Weirdness & Mutations

((You are very nimble when in or above water. (Stealth+, EV+, Speed+++)))
Your lower body shifts to a powerful aquatic tail in water.


Message History

a +4 mace; a boomerang; an orc corpse
Items here: ( )) [ ÷.
Items here: )) [ †.
A kobold comes into view. It is wielding a +0 short sword.
The kobold shouts!
You freeze the kobold.
The kobold is severely wounded.
The kobold closely misses you.
You freeze the kobold.
You kill the kobold!
Found a flail.
Items here: )) [ ÷.
v - a +0 trident
v - a +0 trident (weapon)
Items here: ( )) [ ÷.
Things that are here:
a +4 mace; a boomerang; an orc corpse
Items here: )) [[ ††.
You see here a +0 quarterstaff.
You see here a +0 dagger.
Menkaure, Prince of Dust comes into view.
You reach to attack!
You completely miss Menkaure. You hit Menkaure.
Menkaure is moderately damaged.
Menkaure mumbles some strange words.
Menkaure seems to speed up.
You hit Menkaure but do no damage.
Menkaure is moderately damaged.
Menkaure closely misses you.
You hit Menkaure.
Menkaure is moderately damaged.
Menkaure barely misses you.
Menkaure calls on the powers of darkness!
Your body is wracked with pain!
You hit Menkaure.
Menkaure is severely damaged.
Menkaure hits you!!
* * * LOW HITPOINT WARNING * * *
Menkaure hits you.
You die...

#..###### ###
#.......#### ##.#
#..........###.#.
#................
#..........###)##
#..........# #.))
#..........# ####
######.........#
#..M@..........#
######.......).######
#...............
###.......######
#...##...# #....###.#
##...# #.# ..# #.#
#.#


You could see Menkaure (fast).

Vanquished Creatures
  An ogre (D:4)
  An orc priest (D:4)
  Natasha (thrice) (D:3)
  3 adders (D:3)
  2 worms
  8 orcs (D:4)
  5 bats
  10 endoplasms
  3 giant cockroaches
  5 hobgoblins
  3 jackals (D:2)
  A quokka (D:1)
  7 ball pythons
  4 frilled lizards
  2 goblins (D:1)
  11 kobolds
  2 rats
71 creatures vanquished.

Vanquished Creatures (others)
  4 plants (D:2)
4 creatures vanquished.

Grand Total: 75 creatures vanquished

Notes
Turn   | Place    | Note
-------+----------+-------------------------------------------
     0 | D:1      | greenreed the Merfolk Ice Elementalist began the quest for
                  | the Orb.
     0 | D:1      | Reached XP level 1. HP: 13/13 MP: 3/3
   312 | D:1      | Reached XP level 2. HP: 19/19 MP: 3/5
  1195 | D:2      | Reached skill level 5 in Ice Magic
  1250 | D:2      | Identified the +2 ring mail of Mylloibrog {rElec rF+ Int-2}
  1344 | D:2      | Reached XP level 3. HP: 19/24 MP: 1/6
  1348 | D:2      | Learned a level 3 spell: Frozen Ramparts
  1992 | D:2      | Found a faded altar of an unknown god.
  1998 | D:2      | Got Plato's Quarto of Dislocation
  2296 | D:3      | Reached XP level 4. HP: 29/31 MP: 3/8
  2410 | D:3      | Noticed Grinder
  2425 | D:3      | Paralysed by Grinder for 2 turns
  2616 | D:3      | Noticed Natasha
  2622 | D:3      | Killed Natasha
  2752 | D:3      | Reached XP level 5. HP: 36/36 MP: 7/10
  2798 | D:3      | Found an iron altar of Okawaru.
  2917 | D:3      | Noticed Natasha
  2924 | D:3      | Killed Natasha
  2977 | D:3      | Noticed Natasha
  2985 | D:3      | Killed Natasha
  3046 | D:4      | Noticed an ogre
  3053 | D:4      | Killed an ogre
  3054 | D:4      | Reached skill level 6 in Ice Magic
  3054 | D:4      | Reached XP level 6. HP: 42/42 MP: 4/12
  3523 | D:4      | Noticed Menkaure
  3530 | D:4      | HP: 2/42 [Menkaure (20)]
  3530 | D:4      | Slain by Menkaure

Illustrated notes

Levels and vault maps discovered:
D:1:      sevenhm_arrival_forest_fort_large_2, layout_loops_ring
D:2:      layout_basic, serial_glass, glass_columns_a, glass_columns_a,
          shapermc_ecumenical_altar_rom_forum, minmay_misc_feat_tiny,
          chequers_hall_statues_y, lexackson_kobold_supper
D:3:      kennysheep_big_flooded_room, layout_rooms, lemuel_doored_altar,
          minmay_box_of_dots, uniq_natasha, uniq_grinder
D:4:      layout_loops_ring, minmay_crossroads, uniq_menkaure

Skill      XL: |  1  2  3  4  5 |
---------------+----------------+-----
Ice Magic      | 5 6 |  6.1
Dodging        | 3 |  3.9
Spellcasting   | 3 4 |  4.2
Fighting       | |  0.3
Stealth        | |  2.6

Action                   |  1- 3 |  4- 6 || total
-------------------------+-------+-------++-------
Melee: Unarmed           |       |     1 ||     1
       Trident           |       |     5 ||     5
 Cast: Freeze            |    59 |    36 ||    95
       Frozen Ramparts   |     2 |     9 ||    11
Armor: Robe              |     6 |     4 ||    10
Dodge: Dodged            |    29 |    24 ||    53

Table legend: (Time is in decaauts)
 A = Elapsed time spent in this place.
 B = Non-inter-level travel time spent in this place.
 C = Inter-level travel time spent in this place.
 D = Time resting spent in this place.
 E = Time spent auto-exploring this place.
 F = Levels seen in this place.
 G = Mean time per level.
                   A        B        C        D        E       F      G
               +--------+--------+--------+--------+--------+-----+--------+
         Total |   3529 |   3462 |     67 |    147 |   2804 |   4 |  882.2 |
       Dungeon |   3529 |   3462 |     67 |    147 |   2804 |   4 |  882.2 |
               +--------+--------+--------+--------+--------+-----+--------+

Top non-repeatable levels by time:
     D:2: 1265 daAuts
     D:1: 1116 daAuts
     D:3: 619 daAuts
     D:4: 529 daAuts
